 Dungeon Crawl Stone Soup version 0.30-a0-311-gf115ab0292 (webtiles) character file.

Game seed: 12821911899093132860

48 Sobieck the Caller (level 3, -5/24 HPs)
             Began as a Mummy Summoner on Oct 25, 2022.
             Slain by a gnoll
             ... wielding a +0 whip
              (7 damage)
             ... on level 3 of the Dungeon.
             The game lasted 00:02:58 (1244 turns).

Sobieck the Caller (Mummy Summoner)                 Turns: 1244, Time: 00:02:59

Health: -5/24      AC:  4    Str: 11    XL:     3   Next: 50%
Magic:  3/8        EV: 12    Int: 16    God:
Gold:   93         SH:  0    Dex: 12    Spells: 3/9 levels left

rFire   x . .      SeeInvis .    b - +0 short sword {short}
rCold   + . .      Faith    +    (no shield)
rNeg    + + +      Spirit   .    a - +0 robe
rPois   ∞          Reflect  .    (no helmet)
rElec   .          Harm     .    d - +0 cloak
rCorr   .          Rampage  .    (no gloves)
Will    .....                    k - +0 pair of boots
Stlth   ++........               (no amulet)
HPRegen 0.24/turn                (no ring)
MPRegen 0.11/turn                (no ring)

@: no status effects
A: cold resistance 1, negative energy resistance 3, torment resistance 2, heat
vulnerability 1, in touch with death 1, no potions, faith
a: no special abilities


You were on level 3 of the Dungeon.
You visited 1 branch of the dungeon, and saw 3 of its levels.

You collected 93 gold pieces.


Innate Abilities, Weirdness & Mutations

You are immune to poison.
Your flesh is cold resistant. (rC+)
You are immune to negative energy. (rN+++)
You are immune to unholy pain and torment.
You are vulnerable to heat. (rF-)
You are in touch with the powers of death.
You do not drink.
You have a special connection with the divine. (Faith)


   Skills:
 - Level 1.5 Dodging
 - Level 1.5 Stealth
 + Level 3.5 Spellcasting
 * Level 4.0 Summonings


You had 3 spell levels left.
You knew the following spells:

 Your Spells              Type           Power      Damage    Failure   Level
a - Call Imp              Summ           15%        N/A       4%          2
b - Summon Small Mammal   Summ           60%        N/A       3%          1
c - Call Canine Familiar  Summ           15%        N/A       10%         3

Your spell library contained the following spells:

 Spells                   Type           Power      Damage    Failure   Level
 Summon Guardian Golem    Hex/Summ       9%         N/A       22%         3
 Ignite Poison            Fire/Tmut/Pois 2%         N/A       47%         3
 Kindle Blastsparks       Fire/Tloc/Air  4%         2d10      47%         3
 Summon Lightning Spire   Summ/Air       9%         N/A       58%         4
 Freezing Cloud           Conj/Ice/Air   1%         6-21      99%         5

Inventory:

Hand Weapons
 b - a +0 short sword (weapon) {short}
   (You took it off a kobold on level 1 of the Dungeon)
 i - a +0 vampiric spear {polearm}
   (You found it on level 1 of the Dungeon)
Missiles
 c - 19 stones {throwing}
Armour
 a - a +0 robe (worn)
 d - a +0 cloak (worn)
   (You found it on level 1 of the Dungeon)
 e - a +0 leather armour
   (You found it on level 1 of the Dungeon)
 k - a +0 pair of boots (worn)
   (You found it on level 1 of the Dungeon)
 l - a +0 leather armour
   (You found it on level 2 of the Dungeon)
 n - a +0 chain mail
   (You took it off a goblin on level 2 of the Dungeon)
Wands
 m - a wand of polymorph (7)
   (You found it on level 2 of the Dungeon)
Scrolls
 f - a scroll of noise {unknown}
 g - 2 scrolls of teleportation {unknown}
 h - a scroll of magic mapping {unknown}
 j - 5 scrolls of identify {unknown}

Dungeon Overview and Level Annotations

Branches:
Dungeon (3/15) Zot: 16756

Altars:
#######.# #@g5....# #########

You could see a gnoll (ally target) and a friendly crimson imp (summoned).


Message History

Casting: Call Imp (safe; 5% risk of failure)
Confirm with . or Enter, or press ? or * to list all spells.
Casting: Summon Small Mammal (safe; 3% risk of failure)
Confirm with . or Enter, or press ? or * to list all spells.
Unknown command.
Your bat hits the frilled lizard.
The frilled lizard closely misses your bat.
Your bat barely misses the frilled lizard.
Your bat closely misses the frilled lizard.
Your bat misses the frilled lizard.
Your shadow imp completely misses the frilled lizard.
The frilled lizard barely misses your bat.
Your magical contamination has completely faded away.
You closely miss the frilled lizard. Your bat misses the frilled lizard. x2
Your quokka closely misses the frilled lizard.
Your shadow imp hits the frilled lizard.
The frilled lizard dies!
You see here a frilled lizard corpse.
Unknown command.
Unknown command.
Your bat disappears in a puff of smoke!
Your shadow imp disappears in a puff of smoke!
Your quokka disappears in a puff of smoke!
You now have 93 gold pieces (gained 12).
A gnoll comes into view. It is wielding a +0 flail.
Danger!
Casting: Summon Small Mammal (safe; 3% risk of failure)
Confirm with . or Enter, or press ? or * to list all spells.
You miscast Call Imp.
You are very lightly contaminated with residual magic.
Nothing appears to happen.
Casting: Call Imp (safe; 5% risk of failure)
Confirm with . or Enter, or press ? or * to list all spells.
A beastly little devil appears in a puff of frigid air.
Casting: Call Imp (safe; 5% risk of failure)
Confirm with . or Enter, or press ? or * to list all spells.
Casting: Summon Small Mammal (safe; 3% risk of failure)
Confirm with . or Enter, or press ? or * to list all spells.
The gnoll closely misses your white imp.
Your white imp hits the gnoll.
Your white imp freezes the gnoll.
Unknown command.
Your quokka completely misses the gnoll.
The gnoll completely misses your quokka.
Your white imp gestures at the gnoll.
The puff of frost hits the gnoll.
The gnoll dies!
You swap places. 2 gnolls come into view.
Danger!
Your magical contamination has completely faded away.
You see here 18 gold pieces.
Unknown command.
Unknown command.
The gnoll shouts!
You hear a shout!
A gnoll comes into view. It is wielding a +0 whip.
Unknown command.
Your bat barely misses the gnoll.
Your quokka closely misses the gnoll.
Your bat hits the gnoll but does no damage.
The gnoll closely misses your quokka.
Unknown command.
Your bat hits the gnoll.
Your bat closely misses the gnoll.
Your quokka bites the gnoll.
Your bat hits the gnoll but does no damage.
The gnoll hits your quokka with a +0 halberd!
Your quokka dies!
Your quokka's corpse disappears in a puff of smoke!
Your white imp hits the gnoll but does no damage.
Unknown command.
Your bat barely misses the gnoll.
Your bat hits the gnoll but does no damage.
Your white imp hits the gnoll but does no damage.
Your bat completely misses the gnoll.
Your bat hits the gnoll but does no damage.
Your bat barely misses the gnoll.
Your white imp completely misses the gnoll.
The gnoll hits you with a +0 halberd. The gnoll attacks as you move away!
The gnoll hits you with a +0 halberd!
* * * LOW HITPOINT WARNING * * *
The gnoll barely misses you.
Your white imp hits the gnoll.
Your white imp freezes the gnoll.
Something hits your white imp!
Your white imp disappears in a puff of smoke!
The gnoll attacks as you move away! The gnoll barely misses you.
The gnoll attacks as you move away! The gnoll misses you.
There is a stone staircase leading down here.
The gnoll hits you with a +0 whip!
* * * LOW HITPOINT WARNING * * *
The gnoll hits you but does no damage.
You climb downwards.
There is a stone staircase leading up here.
Unknown command.
Unknown command.
You hit the gnoll but do no damage. The gnoll hits you with a +0 whip.
* * * LOW HITPOINT WARNING * * *
Unknown command.
Casting: Summon Small Mammal (safe; 3% risk of failure)
Confirm with . or Enter, or press ? or * to list all spells.
A beastly little devil appears in a puff of flame.
The gnoll hits you with a +0 whip!
You die...

Skill      XL: |  1  2  3 |
---------------+----------+-----
Spellcasting   | 3 |  3.5
Summonings     | 4 |  4.0
Dodging        | |  1.5
Stealth        | |  1.5

Action                   || total
-------------------------++-------
Melee: Unarmed           ||    15
       Short sword       ||    69
       Punch             ||     2
 Cast: Summon Small Mamm ||    37
       Call Imp          ||     7
Evoke: Wand              ||     1
 Stab: Sleeping          ||     2
Armor: Robe              ||    16
Dodge: Dodged            ||    73

Levels and vault maps discovered:
D:1:      eino_arrival_tree_alley, layout_basic,
          dreamdust_ecumenical_altar_angels_and_demons, minmay_pentomino_o4
D:2:      layout_basic, uniq_natasha, uniq_sigmund, uniq_robin, uniq_terence
D:3:      layout_basic, mainiacjoe_overflow_big_doors, uniq_crazy_yiuf_cottage

Notes
Turn   | Place    | Note
-------+----------+-------------------------------------------
     0 | D:1      | Sobieck the Mummy Summoner began the quest for the Orb.
     0 | D:1      | Reached XP level 1. HP: 13/13 MP: 4/4
    84 | D:1      | Found a faded altar of an unknown god.
   282 | D:1      | Reached skill level 3 in Spellcasting
   282 | D:1      | Reached XP level 2. HP: 13/19 MP: 3/6
   864 | D:2      | Learned a level 2 spell: Call Imp
   943 | D:2      | You add the spells Kindle Blastsparks, Ignite Poison and
                  | Freezing Cloud to your library.
   964 | D:2      | Gained mutation: You are in touch with the powers of death.
                  | [Mummy growth]
   964 | D:2      | Reached XP level 3. HP: 24/24 MP: 2/7
   968 | D:2      | Learned a level 3 spell: Call Canine Familiar
  1030 | D:2      | Noticed Terence
  1073 | D:2      | Terence changed into Terence the goblin
  1073 | D:2      | Noticed Terence
  1084 | D:2      | Killed Terence the goblin
  1085 | D:2      | Reached skill level 4 in Summonings
  1241 | D:2      | HP: 6/24 [gnoll/+0 whip (7)]
  1243 | D:3      | HP: 2/24 [gnoll/+0 whip (5)]
  1244 | D:3      | Slain by a gnoll

Vanquished Creatures
  A dart slug (D:1)
  A ball python (D:2)
  2 bats
  An endoplasm (D:1)
  A goblin (D:2)
  A hobgoblin (D:1)
  4 jackals (D:1)
  3 quokkas (D:1)
  A frilled lizard (D:1)
  A rat (D:1)
16 creatures vanquished.

Vanquished Creatures (collateral kills)
  A gnoll (D:2)
  An adder (D:2)
  An endoplasm (D:1)
  A goblin (D:2)
  A hobgoblin (D:1)
  A ball python (D:1)
  2 frilled lizards
  2 kobolds
10 creatures vanquished.

Grand Total: 26 creatures vanquished

Table legend:
 A = Non-vault XP
 B = Vault XP
 C = Vault XP percentage of total XP
 D = Non-vault monster count
 E = Vault monster count
 F = Vault count percentage of total count
                 A         B        C        D         E       F
            +---------+---------+-------+---------+---------+-------
      Total |      67 |       2 |   2.9 |      25 |       1 |   3.8
            +---------+---------+-------+---------+---------+-------
        D:1 |      33 |       0 |   0.0 |      18 |       0 |   0.0
        D:2 |      34 |       2 |   5.6 |       7 |       1 |  12.5
            +---------+---------+-------+---------+---------+-------

Illustrated notes

Table legend:
 A = Kills in this place as a percentage of kills in entire the game.
 B = Kills by you in this place as a percentage of kills by you in the entire game.
 C = Kills by friends in this place as a percentage of kills by friends in the entire game.
 D = Other kills in this place as a percentage of other kills in the entire game.
 E = Experience gained in this place as a percentage of experience gained in the entire game.
 F = Experience gained in this place divided by the number of levels of this place that you have seen.
                   A       B       C       D       E      F
               +-------+-------+-------+-------+-------+----------------------
         Total | 100.0 | 100.0 | 100.0 |   N/A | 100.0 |  23.0
       Dungeon | 100.0 | 100.0 | 100.0 |   N/A | 100.0 |  23.0
               +-------+-------+-------+-------+-------+----------------------

Table legend: (Time is in decaauts)
 A = Elapsed time spent in this place.
 B = Non-inter-level travel time spent in this place.
 C = Inter-level travel time spent in this place.
 D = Time resting spent in this place.
 E = Time spent auto-exploring this place.
 F = Levels seen in this place.
 G = Mean time per level.
                   A        B        C        D        E       F      G
               +--------+--------+--------+--------+--------+-----+--------+
         Total |   1243 |   1222 |     21 |     15 |    833 |   3 |  414.3 |
       Dungeon |   1243 |   1222 |     21 |     15 |    833 |   3 |  414.3 |
               +--------+--------+--------+--------+--------+-----+--------+

Top non-repeatable levels by time:
     D:1: 826 daAuts
     D:2: 414 daAuts
     D:3: 1 daAuts
